Map: Frost LE

Players

Charizarding - Winner!

  • Race: Terran Terran
  • League: Master

Miszu

  • Race: Terran Terran
  • League: Master

VOD

Have the link to the VOD?

Description

Time

  • Played on: June 29, 2016, 1:14 p.m.
  • Length: 9:05
Show
View Real Time Build Order
Export as new Build Order

Charizarding Terran - Winner!

Build Orders: 1/1/1, MMM Bio, Banshee Rush 

Get SALT Encoding   

  12  0:01  SCV  
  13  0:13  SCV  
  14  0:17  Supply Depot  
  14  0:25  SCV  
  15  0:29  Refinery  
  15  0:39  SCV  
  16  0:46  Barracks  
  16  0:51  SCV  
  17  1:03  SCV  
  18  1:15  SCV  
  19  1:33  Factory, Marine, Orbital Command  
  20  1:44  Supply Depot  
  20  1:51  Marine  
  21  2:01  SCV  
  22  2:08  Marine  
  22  2:13  SCV  
  24  2:17  Supply Depot  
  24  2:18  Hellion  
  24  2:19  Starport  
  26  2:25  SCV  
  26  2:26  Marine  
  28  2:36  Refinery  
  27  2:40  Hellion, SCV  
  30  2:44  Marine  
  30  2:47  Supply Depot  
  31  2:54  SCV  
  31  2:55  Medivac  
  34  3:01  Hellion  
  34  3:04  Marine  
  37  3:11  Supply Depot  
  36  3:17  SCV  
  37  3:30  Starport Tech Lab  
  37  3:36  Command Center  
  37  3:40  Barracks Reactor  
  37  3:42  Factory Tech Lab  
  37  3:54  Cloaking Field, Banshee  
  40  3:57  SCV  
  41  4:09  SCV  
  35  4:28  Marine x2, SCV  
  35  4:29  Siege Tank  
  39  4:35  Barracks  
  39  4:37  Banshee  
  42  4:40  SCV  
  42  4:51  Barracks  
  42  4:52  SCV  
  43  4:55  Orbital Command  
  43  5:04  SCV  
  43  5:05  Siege Tank  
  47  5:09  Marine x2  
  49  5:16  SCV  
  50  5:23  SCV  
  50  5:27  Marine x2  
  53  5:28  SCV  
  54  5:42  SCV x2  
  56  5:44  Marine, Barracks Tech Lab x2  
  56  5:45  Siege Tank  
  60  5:50  Marine  
  60  5:54  SCV x2  
  60  6:00  Starport Reactor  
  60  6:02  Marine  
  61  6:04  Marine x2  
  61  6:06  Stimpack, SCV  
  61  6:08  Marine  
  62  6:20  Marine, SCV x2  
  62  6:21  Refinery  
  62  6:22  Marine x2, Refinery  
  62  6:25  Supply Depot  
  67  6:26  Marine  
  67  6:28  Supply Depot  
  67  6:29  Combat Shields  
  68  6:34  Barracks x2  
  68  6:36  Engineering Bay  
  68  6:37  SCV  
  68  6:38  SCV  
  70  6:46  Marine x2  
  72  6:50  SCV  
  72  6:51  Medivac x2  
  77  6:56  Supply Depot, SCV  
  77  6:57  Supply Depot  
  78  7:02  SCV  
  78  7:04  Marine x2  
  81  7:12  Siege Tank  
  84  7:18  Marine x2  
  84  7:21  Barracks Reactor, Marine  
  84  7:22  Barracks Reactor, Marine  
  88  7:26  Medivac x2  
  92  7:35  Marine  
  92  7:37  Supply Depot x2, Marine  
  93  7:38  Supply Depot  
  93  7:39  Marine  
  92  7:52  SCV x2  
  92  7:56  Marine x2  
  96  8:04  SCV  
  96  8:05  Marine x3  
  95  8:06  Marine x3  
  95  8:07  Medivac x2  
  102  8:13  Marine  
  102  8:14  Marine  
  102  8:15  Missile Turret  
  104  8:23  Marine x5  
  104  8:24  Marine  
  110  8:31  Marine x2  
  112  8:41  Marine x2  
  113  8:42  Factory, Marine x2  
  113  8:43  Marine x2  
  113  8:46  SCV x2  
Show
View Real Time Build Order
Export as new Build Order

Miszu Terran 

Build Orders: MMM Bio 

Get SALT Encoding   

  12  0:00  SCV  
  13  0:12  SCV  
  14  0:17  Supply Depot  
  14  0:25  SCV  
  15  0:38  SCV  
  15  0:39  Barracks  
  16  0:44  Refinery  
  16  0:51  SCV  
  17  1:03  SCV  
  18  1:08  Barracks  
  18  1:15  SCV  
  19  1:29  Reaper, Orbital Command  
  20  1:48  Supply Depot  
  20  1:55  SCV  
  20  1:56  Reaper  
  22  2:04  Reaper  
  23  2:10  SCV  
  24  2:18  Command Center  
  24  2:23  SCV  
  24  2:28  Reaper  
  26  2:40  Supply Depot, Refinery, Reaper  
  27  2:45  SCV  
  27  2:50  Barracks  
  28  2:57  SCV  
  29  3:09  Barracks Tech Lab, SCV  
  27  3:21  SCV  
  27  3:22  Bunker, Marine  
  27  3:25  Factory  
  29  3:28  Marine  
  30  3:34  Stimpack  
  30  3:38  Marine  
  30  3:39  Marine  
  32  3:46  Marine  
  33  3:54  Engineering Bay  
  33  3:56  Marine  
  33  3:57  Marine  
  35  4:04  Marine  
  36  4:14  Marine  
  36  4:15  Marine  
  35  4:22  Marine  
  34  4:26  SCV  
  34  4:27  Orbital Command  
  34  4:28  Factory Reactor  
  34  4:29  Starport  
  34  4:32  Marine  
  34  4:38  Missile Turret  
  35  4:43  Marine x2  
  37  4:47  Orbital Command  
  37  4:50  Marine  
  37  4:51  Missile Turret  
  38  5:01  Marine  
  38  5:03  Marine  
  40  5:07  Marine  
  41  5:14  Viking  
  41  5:15  Missile Turret  
  41  5:17  Factory Tech Lab  
  42  5:22  SCV x2  
  42  5:25  Medivac  
  46  5:28  Marine  
  46  5:34  SCV x2  
  47  5:39  Combat Shields  
  47  5:46  SCV  
  47  5:57  Medivac x2  
  47  5:59  Missile Turret  
  51  6:10  SCV x2  
  49  6:21  Barracks Reactor  
  49  6:22  Barracks Reactor, SCV  
  49  6:24  SCV  
  51  6:34  SCV  
  51  6:36  SCV  
  51  6:39  Marine  
  54  6:55  Siege Tank  
  54  7:05  Marine  
  54  7:06  Supply Depot, SCV x2  
  54  7:08  Marine x4  
  60  7:18  SCV x2  
  62  7:27  Marine x4  
  63  7:30  SCV x2  
  63  7:33  Marine  
  66  7:42  SCV  
  65  7:45  Marine x3  
  65  7:58  SCV x2  
  61  8:08  Marine  
  61  8:09  Marine x4  
  61  8:11  Siege Tank  
  61  8:12  Medivac  
  69  8:13  SCV  
  69  8:18  Refinery  
  69  8:19  Refinery  
  70  8:21  Medivac, SCV  
  70  8:26  Marine x3, SCV  
  70  8:27  Marine  
  78  8:43  Supply Depot x2  
  78  8:45  Supply Depot  
Tags
 
Composition
MMM BioMMM Bio
Matchup
TvT
Opening
1/1/1
Player
Miszu
Race
Terran
Strategy
Banshee Rush
Add a new tag
Caveats
  • Supply blocks, unpowered buildings, or Contaminate may cause inaccurate times.
  • Supply counts are checked every 10 seconds.